 Dungeon Crawl Stone Soup version 0.26-a0-1177-g1209ec82b9 (webtiles) character file.

Game seed: 5637120494322122629

119 mhtbhm the Covered (level 4, -1/41 HPs)
             Began as a Minotaur Fighter on Dec 24, 2020.
             Slain by a worm (8 damage)
             ... on level 3 of the Dungeon.
             The game lasted 00:01:47 (2073 turns).

mhtbhm the Covered (Minotaur Fighter)               Turns: 2073, Time: 00:01:48

Health: -1/41      AC:  7    Str: 21    XL:     4   Next: 73%
Magic:  3/3        EV:  8    Int:  5    God:
Gold:   95         SH:  9    Dex: 10    Spells: 3/3 levels left

rFire    . . .     SeeInvis .   a - +0 war axe
rCold    . . .     Faith    .   c - +0 kite shield
rNeg     + . .     Spirit   .   b - +0 scale mail
rPois    .         Reflect  .   (helmet restricted)
rElec    .         Harm     .   (no cloak)
rCorr    .         Rampage  .   (no gloves)
Will     .....                  (no boots)
Stlth    ..........             (no amulet)
HPRegen  0.13/turn              l - ring of positive energy
MPRegen  0.08/turn              (no ring)

@: lethally poisoned (-1 -> -3), flying
A: retaliatory headbutt, horns 2
a: no special abilities


You were on level 3 of the Dungeon.
You visited 1 branch of the dungeon, and saw 3 of its levels.

You collected 95 gold pieces.

Inventory:

Hand Weapons
 a - a +0 war axe (weapon)
Armour
 b - a +0 scale mail (worn)
 c - a +0 kite shield (worn)
Jewellery
 l - a ring of positive energy (left hand)
Scrolls
 e - a scroll of fog {unknown}
 f - a scroll of immolation {unknown}
 h - 2 scrolls of remove curse {unknown}
 j - a scroll of teleportation {unknown}
Potions
 d - a potion of might
 g - 2 potions of flight
 i - a potion of brilliance {unknown}
 k - a potion of curing {unknown}
 m - 2 potions of heal wounds {unknown}


   Skills:
 + Level 4.4 Fighting
 + Level 3.5 Axes
 + Level 4.5 Armour
 + Level 1.4 Dodging
 + Level 4.4 Shields


You had 3 spell levels left.
You didn't know any spells.
Your spell library was empty.

Dungeon Overview and Level Annotations

Branches:
Dungeon (3/15)

Altars:
Nemelex Xobeh


Innate Abilities, Weirdness & Mutations

You reflexively headbutt those who attack you in melee.
You have a pair of horns on your head.


Message History

* * * LOW HITPOINT WARNING * * *
You block the worm's attack. The adder barely misses you.
You furiously retaliate!
You headbutt the adder.
The orc wizard hits you with a +0 dagger.
* * * LOW HITPOINT WARNING * * *
You completely miss the orc wizard. You headbutt the orc wizard.
You kill the orc wizard!
You miss the adder. You hit the worm but do no damage.
The adder bites you but does no damage. You block the worm's attack.
The adder bites you but does no damage.
Your life force feels restored.
Unknown command.
Unknown command.
Unknown command.
Okay, then.
You hit the adder. Your headbutt misses the adder.
The adder is almost dead.
You barely miss the worm.
You feel sick. The adder bites you but does no damage. The worm bites you!
You die...

# .. ###
#.####.######
...........
##...!.#####
#...@†......
......)wS[..###
####(......##
#......##
#.#(..##
#.##..# # ##..
.#


You could see a worm and an adder.

Vanquished Creatures
  An orc wizard (D:3)
  3 adders (D:2)
  An ooze (D:2)
  A dart slug (D:1)
  10 orcs
  2 giant cockroaches
  9 goblins
  2 hobgoblins (D:1)
  5 kobolds
  8 bats
  7 rats
49 creatures vanquished.

Notes
Turn   | Place    | Note
-------+----------+-------------------------------------------
     0 | D:1      | mhtbhm the Minotaur Fighter began the quest for the Orb.
     0 | D:1      | Reached XP level 1. HP: 19/19 MP: 0/0
   250 | D:1      | Reached XP level 2. HP: 27/27 MP: 1/1
   877 | D:2      | Reached XP level 3. HP: 32/33 MP: 2/2
  1186 | D:2      | Reached skill level 1 in Dodging
  1356 | D:2      | Reached XP level 4. HP: 33/40 MP: 3/3
  1846 | D:2      | Found a sparkling altar of Nemelex Xobeh.
  2073 | D:3      | Slain by a worm

Illustrated notes

Levels and vault maps discovered:
D:1:      minmay_arrival_cross, layout_loops_cross, minmay_domino_2
D:2:      layout_basic, general_overflow_altar
D:3:      layout_loops_ring, overflow_temple_1_default

Skill      XL: |  1  2  3 |
---------------+----------+-----
Armour         | 4 |  4.5
Fighting       | 4 |  4.4
Shields        | 4 |  4.4
Dodging        | 1 |  1.4
Axes           | 3 |  3.5

Action                   |  1- 3 |  4- 6 || total
-------------------------+-------+-------++-------
Melee: War axe           |    69 |    36 ||   105
       Headbutt          |    13 |     4 ||    17
  Use: Potion            |       |     1 ||     1
Armor: Scale mail        |    30 |    39 ||    69
Dodge: Dodged            |    27 |    22 ||    49
Block: Kite shield       |    35 |    17 ||    52

Table legend: (Time is in decaauts)
 A = Elapsed time spent in this place.
 B = Non-inter-level travel time spent in this place.
 C = Inter-level travel time spent in this place.
 D = Time resting spent in this place.
 E = Time spent auto-exploring this place.
 F = Levels seen in this place.
 G = Mean time per level.
                   A        B        C        D        E       F      G
               +--------+--------+--------+--------+--------+-----+--------+
         Total |   2119 |   2075 |     44 |     82 |   1626 |   3 |  706.3 |
       Dungeon |   2119 |   2075 |     44 |     82 |   1626 |   3 |  706.3 |
               +--------+--------+--------+--------+--------+-----+--------+

Top non-repeatable levels by time:
     D:2: 1290 daAuts
     D:1: 810 daAuts
     D:3: 18 daAuts
